Cogmind - Beta 15 @@@ ROGUE MODE // 2025.07.04 @ 02:02:47 Player: jumpy Result: Destroyed by P-80 Master with Gamma Rifle Performance ------------- Evolutions (7) 3500 Regions Visited (9) 1800 Robots Destroyed (8) 40 Value Destroyed (197) 197 Prototype IDs (7) 140 Alien Tech Used (0) 0 Bonus (800) 800 TOTAL SCORE: 6477 Bonus ------- Registered with UFD 300 Met Optimus in HQ 500 Cogmind --------- Core Integrity 0/1300 Matter 125/300 Energy 99/100 System Corruption 11% Temperature Cool (0) Movement Core (50) Location -3/Armory Parts ------- > --- POWER (2) -------- (None) > --- PROPULSION (6) --- (None) > --- UTILITY (10) ----- Advanced Terrain Scan Processor > --- WEAPON (3) ------- (None) > --- INVENTORY (5) ---- Light Particle Reactor Enhanced Optical Array Advanced ECM Suite Nova Cannon Force Lance Peak State ------------ > --- POWER ------------ Antimatter Reactor Light Particle Reactor > --- PROPULSION ------- Nuclear Pulse Array Nuclear Pulse Array Nuclear Pulse Array > --- UTILITY ---------- Power Amplifier Gravity Neutralizer Advanced Sensor Array Advanced Terrain Scan Processor Advanced Terrain Scan Processor Advanced ECM Suite Improved Utility Shielding Graphene Brace Hacking Suite A0-MCA's Component Scanner > --- WEAPON ----------- Nova Cannon > --- INVENTORY -------- Antigrav Array Enhanced Optical Array Improved Arc Projector Force Lance [Rating: 112] Favorites ----------- Power Improved Deuterium Engine Engine Improved Deuterium Engine Power Core Nuclear Core Reactor Antimatter Reactor Propulsion Light Treads Treads Light Treads Wheel Armored Huge Wheel Flight Unit Nuclear Pulse Array Utility Seismic Detector Device Seismic Detector Storage High-capacity Storage Unit Processor Advanced Terrain Scan Processor Hackware Hacking Suite Protection Improved Utility Shielding Weapon Assault Rifle Energy Gun Improved Arc Projector Energy Cannon Nova Cannon Ballistic Gun Assault Rifle Slashing Weapon Plasma Sword Piercing Weapon Force Lance Build | -11 -10 -10 -7 -5 -5 -5 -4 -3 -3 ------- Run | Yrd Mat Sub Scr Fac Was Fac Fac Res Arm Slots Evolved 14 | . . . . 10 . . 2 2 . Power 1 | . . . . . . . . 1 . Propulsion 4 | . . . . 2 . . 2 . . Utility 8 | . . . . 7 . . . 1 . Weapon 1 | . . . . 1 . . . . . Parts Attached 53 | 7 1 . 8 13 2 2 11 7 2 Power 8 | 1 . . 2 . 1 1 2 1 . Engine 3 | 1 . . 1 . . 1 . . . Core 2 | . . . 1 . 1 . . . . Reactor 3 | . . . . . . . 2 1 . Propulsion 14 | 2 . . 3 1 1 1 5 . 1 Treads 4 | 2 . . 1 1 . . . . . Leg . | . . . . . . . . . . Wheel 4 | . . . 2 . 1 1 . . . Hover . | . . . . . . . . . . Flight 6 | . . . . . . . 5 . 1 Utility 20 | 2 1 . 1 8 . . 4 3 1 Device 10 | 1 . . . 4 . . 3 2 . Storage 3 | 1 1 . 1 . . . . . . Processor 4 | . . . . 2 . . 1 . 1 Hackware 1 | . . . . . . . . 1 . Protection 2 | . . . . 2 . . . . . Artifact . | . . . . . . . . . . Weapon 11 | 2 . . 2 4 . . . 3 . Energy Gun 1 | . . . . . . . . 1 . Energy Cannon 1 | . . . . . . . . 1 . Ballistic Gun 6 | 2 . . 2 2 . . . . . Ballistic Cannon . | . . . . . . . . . . Launcher . | . . . . . . . . . . Special Weapon . | . . . . . . . . . . Impact Weapon . | . . . . . . . . . . Slashing Weapon 2 | . . . . 2 . . . . . Piercing Weapon 1 | . . . . . . . . 1 . Special Melee Weapon . | . . . . . . . . . . Unidentified Prototypes . | . . . . . . . . . . Parts Lost 18 | . . . . . 5 . 3 . 10 Power 3 | . . . . . 2 . 1 . . Propulsion 6 | . . . . . . . 2 . 4 Utility 9 | . . . . . 3 . . . 6 Weapon . | . . . . . . . . . . Highest Loss Streak 7 | . . . . . 3 . 2 . 7 To Critical Strikes . | . . . . . . . . . . Average Backups 11 | 4 7 8 15 12 11 1 2 2 4 Power 1 | . 1 1 1 2 2 . . . . Propulsion 2 | 1 2 2 3 2 3 1 1 . . Utility 3 | . 2 3 5 1 . . . . 1 Weapon 3 | 1 2 2 4 5 4 . . 1 2 Tool/Special . | . . . . . . . . . . Unused Backups 19 | 1 . . 4 . 9 . 2 1 2 Power 3 | . . . 1 . 2 . . . . Propulsion 6 | . . . 1 . 2 . 2 1 . Utility 1 | . . . . . . . . . 1 Weapon 9 | 1 . . 2 . 5 . . . 1 Tool/Special . | . . . . . . . . . . Average Slot Usage (%) 90 | . 100 100 100 97 69 40 52 69 49 Engine 5 | . 14 14 5 5 2 4 . . . Core 4 | . . . 8 . . . . . . Treads 21 | . 28 28 27 22 10 . . . . Flight 1 | . . . . . . . 13 14 7 Device 15 | . 14 14 14 22 18 5 13 21 16 Storage 10 | . 14 14 14 5 3 . . . . Processor 3 | . . . . 10 11 11 13 14 12 Protection 2 | . . . . 9 7 5 5 4 2 Ballistic Gun 20 | . 28 28 28 11 6 . . . . Peak Build Rating 112 | 7 8 8 23 66 66 38 81 112 112 Average Rating 30 | 5 7 8 17 59 49 37 71 103 64 On Entrance 36 | . 7 8 8 23 66 27 38 80 112 Naked Turns . | . . . . . . . . . . Heaviest Build 75 | 15 30 30 58 75 75 13 24 50 50 Greatest Support 82 | 40 40 40 40 82 82 56 56 51 51 Greatest Overweight (x) 2 | . . . 1 . 2 . . . 1 Average Overweight (x) . | . . . . . . . . . . Largest Inventory Capacity 20 | 8 15 15 20 20 20 5 5 5 5 Average Capacity 15 | 7 11 15 18 20 14 5 5 5 5 Most Carried 20 | 7 8 8 18 20 20 4 5 5 5 Average Carried 11 | 4 7 8 15 12 14 2 3 3 4 Final Capacity 20 | 8 15 15 20 20 5 5 5 5 5 Final Carried 20 | 7 8 8 18 20 5 4 . 5 5 Class Distribution -------------------- 86% | Mutant 9% | Derelict-Mutant 3% | Scavenger-Mutant Dominant Class ---------------- Mutant | -10/Materials Mutant | -10/Subcaves Mutant | -7/Scraptown Derelict-Mutant | -5/Factory Scavenger-Mutant | -5/Waste Mutant | -5/Factory Mutant | -4/Factory Mutant | -3/Research Mutant | -3/Armory Resources | -11 -10 -10 -7 -5 -5 -5 -4 -3 -3 ----------- Run | Yrd Mat Sub Scr Fac Was Fac Fac Res Arm Matter Collected 771 | 396 30 . 120 151 . 74 . . . Remotely . | . . . . . . . . . . Salvage Created 294 | 189 . . . 105 . . . . . Parts 22 | 12 . . . 10 . . . . . Haulers Intercepted . | . . . . . . . . . . Recyclers Shooed . | . . . . . . . . . . Parts Field Recycled . | . . . . . . . . . . Retrieved Matter . | . . . . . . . . . . Parts Self-Destructed 5 | . . 5 . . . . . . . Prevented . | . . . . . . . . . . Kills | -11 -10 -10 -7 -5 -5 -5 -4 -3 -3 ------- Run | Yrd Mat Sub Scr Fac Was Fac Fac Res Arm Combat Hostiles Destroyed 2 | . . . . 2 . . . . . Melee 1 | . . . . 1 . . . . . Guns 1 | . . . . 1 . . . . . Classes Destroyed 4 | 2 . . . 2 . . . . . Tunneler 5 | 5 . . . . . . . . . Recycler 1 | 1 . . . . . . . . . Hunter 1 | . . . . 1 . . . . . Programmer 1 | . . . . 1 . . . . . Best Kill Streak 4 | 4 . . . 1 . . . . . Combat Bots Only 1 | . . . . 1 . . . . . Max Kills in Single Turn 1 | 1 . . . 1 . . . . . Gunslinging . | . . . . . . . . . . Exploded . | . . . . . . . . . . Melee 1 | . . . . 1 . . . . . Uniques/NPCs Destroyed . | . . . . . . . . . . Combat | -11 -10 -10 -7 -5 -5 -5 -4 -3 -3 -------- Run | Yrd Mat Sub Scr Fac Was Fac Fac Res Arm Hostile Shots Fired 269 | . 10 . . 25 7 4 66 34 123 Missed 124 | . 2 . . 8 . 2 35 18 59 Hits 145 | . 8 . . 17 7 2 31 16 64 Melee 10 | . . . . . 7 . . . 3 Projectile 135 | . 8 . . 17 . 2 31 16 61 AOE 1 | . . . . . . . . . 1 Critical Strikes 14 | . . . . 1 4 . 4 1 4 Actively Blocked 6 | . . . . . . . 4 1 1 Damage Taken 3225 | . 60 . . 322 329 44 563 256 1651 Core 1409 | . 16 . . 52 3 . 35 52 1251 Absorbed by Shields . | . . . . . . . . . . Redirected to Shielding 93 | . . . . . . . 5 44 44 Core Remaining (%) 95 | 100 . . 93 . . 94 96 . . Volleys Fired 34 | 21 . . . 3 3 . . 7 . Largest 2 | 2 . . . 2 2 . . 1 . Hottest 113 | 40 . . . 58 58 . . 113 . Shots Fired 61 | 42 . . . 6 6 . . 7 . Gun 54 | 42 . . . 6 6 . . . . Cannon 7 | . . . . . . . . 7 . Launcher . | . . . . . . . . . . Special . | . . . . . . . . . . Kinetic 54 | 42 . . . 6 6 . . . . Thermal 7 | . . . . . . . . 7 . Explosive . | . . . . . . . . . . Electromagnetic . | . . . . . . . . . . Robot Hit Streak 6 | 6 . . . 1 3 . . . . Robot Miss Streak 4 | 4 . . . 3 4 . . 4 . Penetration Max . | . . . . . . . . . . Secondary Targets . | . . . . . . . . . . Shots Hit Robots 35 | 27 . . . 4 4 . . . . Core Hits 11 | 7 . . . 4 . . . . . Critical Kills . | . . . . . . . . . . Critical Parts Destroyed . | . . . . . . . . . . Critical Strikes . | . . . . . . . . . . Melee Attacks 3 | . . . . 3 . . . . . Impact . | . . . . . . . . . . Slashing 3 | . . . . 3 . . . . . Piercing . | . . . . . . . . . . Sneak Attacks . | . . . . . . . . . . Combat Hostiles . | . . . . . . . . . . Follow-up Attacks . | . . . . . . . . . . Damage Inflicted 593 | 356 3 . . 143 91 . . . . Guns 496 | 356 . . . 50 90 . . . . Cannons . | . . . . . . . . . . Explosions . | . . . . . . . . . . Melee 93 | . . . . 93 . . . . . Ramming 4 | . 3 . . . 1 . . . . Kinetic 496 | 356 . . . 50 90 . . . . Thermal . | . . . . . . . . . . Explosive . | . . . . . . . . . . Electromagnetic . | . . . . . . . . . . Impact . | . . . . . . . . . . Slashing 93 | . . . . 93 . . . . . Piercing . | . . . . . . . . . . Highest Corruption 16 | . . . . . 16 16 . 2 10 Average Corruption 8 | . . . . . 9 16 . 1 3 Corruption Purged . | . . . . . . . . . . Corruption Blocked . | . . . . . . . . . . Effects 17 | . . . . . 7 5 . . 5 Message Errors 5 | . . . . . 2 1 . . 2 Matter Fused 2 | . . . . . . 1 . . 1 Heat Flow Errors 1 | . . . . . 1 . . . . Energy Discharges 3 | . . . . . 1 2 . . . Parts Rejected 1 | . . . . . 1 . . . . Data Loss (major) 3 | . . . . . 1 1 . . 1 Alerts 1 | . . . . . 1 . . . . Misdirections 1 | . . . . . . . . . 1 Overload Shots . | . . . . . . . . . . Overflow Damage . | . . . . . . . . . . Projectiles . | . . . . . . . . . . Explosions . | . . . . . . . . . . Melee . | . . . . . . . . . . Knockbacks . | . . . . . . . . . . Impact . | . . . . . . . . . . Kinetic . | . . . . . . . . . . Secondary . | . . . . . . . . . . Self-Inflicted Damage . | . . . . . . . . . . Shots . | . . . . . . . . . . Rammed 2 | . 1 . . . 1 . . . . Targets Rammed 2 | . 1 . . . 1 . . . . Kicked . | . . . . . . . . . . Crushed . | . . . . . . . . . . Highest Temperature 278 | . . . . . 161 . . 278 . Average Temperature 103 | . . . . . 88 . . 106 . Received Heat Transfer 168 | . . . . . . 9 51 18 90 Siege Activations . | . . . . . . . . . . Martial Activations . | . . . . . . . . . . Shielding Activations . | . . . . . . . . . . Robots Disrupted . | . . . . . . . . . . Combat Hostiles . | . . . . . . . . . . Robots Corrupted . | . . . . . . . . . . Combat Hostiles . | . . . . . . . . . . Parts Fried . | . . . . . . . . . . Impact Corruptions . | . . . . . . . . . . Robots Melted . | . . . . . . . . . . Combat Hostiles . | . . . . . . . . . . Parts Melted . | . . . . . . . . . . Heat Transferred . | . . . . . . . . . . Parts Sabotaged 2 | . . . . . . . . . 2 Parts Stolen . | . . . . . . . . . . Parts Stripped . | . . . . . . . . . . Power Chain Reactions . | . . . . . . . . . . Alert | -11 -10 -10 -7 -5 -5 -5 -4 -3 -3 ------- Run | Yrd Mat Sub Scr Fac Was Fac Fac Res Arm Maximum Alert Level . | . . . . . . . . . . Low Security (%) 100 | 100 100 . . 100 100 100 100 100 100 Level 1 . | . . . . . . . . . . Level 2 . | . . . . . . . . . . Level 3 . | . . . . . . . . . . Level 4 . | . . . . . . . . . . Level 5 . | . . . . . . . . . . High Security . | . . . . . . . . . . Max Security . | . . . . . . . . . . Peak Influence 130 | 5 15 . . 30 . . 130 74 21 Initial 47 | . . . . . . . . 47 21 Average 13 | . 3 . . 3 . . 55 32 4 Influence Increases 457 | 30 30 . . 60 . . 210 97 30 Destroy 0b10 Robot/C 40 | . . . . 40 . . . . . Destroy 0b10 Robot/NC 30 | 30 . . . . . . . . . Destroy Leader 20 | . . . . 20 . . . . . Successful Hack 27 | . . . . . . . . 27 . Disable Machine 30 | . . . . . . . . 30 . Destroy Structure 10 | . . . . . . . . 10 . Partial Spotted 45 | . . . . . . . . 30 15 Lose Combat Pursuer 255 | . 30 . . . . . 210 . 15 Influence Decreases 452 | 30 30 . . 60 . . 120 146 66 Entered New Map 63 | . . . . . . . . 43 20 Time Decay 323 | 30 30 . . 60 . . 90 93 20 Lost Part 56 | . . . . . . . 30 . 26 Lost Ally 10 | . . . . . . . . 10 . Squads Dispatched 9 | . 1 . . . . . 2 2 4 Investigation 1 | . . . . . . . . . 1 Extermination 3 | . . . . . . . 1 1 1 Reinforcement 5 | . 1 . . . . . 1 1 2 Assault . | . . . . . . . . . . Garrison . | . . . . . . . . . . Intercept . | . . . . . . . . . . Searches Triggered . | . . . . . . . . . . Construction Impeded . | . . . . . . . . . . Haulers Reinforced . | . . . . . . . . . . Active Scanning Responses . | . . . . . . . . . . Cargo Convoy Interrupts . | . . . . . . . . . . Stealth | -11 -10 -10 -7 -5 -5 -5 -4 -3 -3 --------- Run | Yrd Mat Sub Scr Fac Was Fac Fac Res Arm Distress Signals 5 | . 2 . . . . . 2 . 1 Communications Jammed . | . . . . . . . . . . Distress Signals . | . . . . . . . . . . Times Spotted 75 | . 8 . . 2 6 1 21 11 26 Peak Tracking Total 24 | . 5 . . 1 6 1 10 6 24 Tactical Retreats 11 | . 2 . . . . . 5 2 2 Traps | -11 -10 -10 -7 -5 -5 -5 -4 -3 -3 ------- Run | Yrd Mat Sub Scr Fac Was Fac Fac Res Arm Traps Triggered 4 | . 1 . . 1 . . . . 2 Indirectly . | . . . . . . . . . . Trap Hack Attempts . | . . . . . . . . . . Triggered . | . . . . . . . . . . Disarmed . | . . . . . . . . . . Reprogrammed . | . . . . . . . . . . Reused . | . . . . . . . . . . Traps Extracted . | . . . . . . . . . . Installed . | . . . . . . . . . . Triggered . | . . . . . . . . . . Machines | -11 -10 -10 -7 -5 -5 -5 -4 -3 -3 ---------- Run | Yrd Mat Sub Scr Fac Was Fac Fac Res Arm Machines Disabled 2 | . . . . . . . . 2 . Max in Single Turn 1 | . . . . . . . . 1 . Garrison Access 2 | . . . . 2 . . . . . Machines Repaired . | . . . . . . . . . . Machines Dismantled . | . . . . . . . . . . Machines Sabotaged . | . . . . . . . . . . Overloaded Fab Kills . | . . . . . . . . . . Hacking | -11 -10 -10 -7 -5 -5 -5 -4 -3 -3 --------- Run | Yrd Mat Sub Scr Fac Was Fac Fac Res Arm Machines Accessed 6 | . . . 1 3 . . . 2 . Terminals 2 | . . . . . . . . 2 . Fabricators 1 | . . . . 1 . . . . . Repair Stations . | . . . . . . . . . . Recycling Units . | . . . . . . . . . . Scanalyzers . | . . . . . . . . . . Garrison Access 2 | . . . . 2 . . . . . Total Hacks 26 | . . . 18 5 . . . 3 . Successful 21 | . . . 18 2 . . . 1 . Failed 5 | . . . . 3 . . . 2 . Catastrophic 3 | . . . . 1 . . . 2 . Database Lockouts . | . . . . . . . . . . Manual 3 | . . . . . . . . 3 . Terminals 3 | . . . . . . . . 3 . Fabricators 1 | . . . . 1 . . . . . Repair Stations . | . . . . . . . . . . Recycling Units . | . . . . . . . . . . Scanalyzers . | . . . . . . . . . . Garrison Access 4 | . . . . 4 . . . . . Terminal Hacks 18 | . . . 18 . . . . . . Record 18 | . . . 18 . . . . . . Fabricator Hacks . | . . . . . . . . . . Repair Station Hacks . | . . . . . . . . . . Recycling Unit Hacks . | . . . . . . . . . . Scanalyzer . | . . . . . . . . . . Garrison Access Hacks 2 | . . . . 2 . . . . . Seal Access 2 | . . . . 2 . . . . . Unauthorized Hacks 1 | . . . . . . . . 1 . Terminals 1 | . . . . . . . . 1 . Assimilate 1 | . . . . . . . . 1 . Fabricators . | . . . . . . . . . . Repair Stations . | . . . . . . . . . . Recycling Units . | . . . . . . . . . . Scanalyzers . | . . . . . . . . . . Garrison Access . | . . . . . . . . . . Data Cores Recovered . | . . . . . . . . . . Used . | . . . . . . . . . . Hacking Detections 4 | . . . . 3 . . . 1 . Full Trace Events . | . . . . . . . . . . Feedback Events . | . . . . . . . . . . Feedback Blocked . | . . . . . . . . . . Robot Schematics Acquired . | . . . . . . . . . . Robots Built . | . . . . . . . . . . Authchips . | . . . . . . . . . . Time . | . . . . . . . . . . Total Robot Build Rating . | . . . . . . . . . . Part Schematics Acquired . | . . . . . . . . . . Parts Built . | . . . . . . . . . . Authchips . | . . . . . . . . . . Time . | . . . . . . . . . . Total Part Build Rating . | . . . . . . . . . . Parts Repaired . | . . . . . . . . . . Time . | . . . . . . . . . . Parts Recycled . | . . . . . . . . . . Recycled Matter . | . . . . . . . . . . Retrieved Matter . | . . . . . . . . . . Retrieved Components . | . . . . . . . . . . Parts Scanalyzed . | . . . . . . . . . . Part Schematics Acquired . | . . . . . . . . . . Parts Damaged . | . . . . . . . . . . Bothacking | -11 -10 -10 -7 -5 -5 -5 -4 -3 -3 ------------ Run | Yrd Mat Sub Scr Fac Was Fac Fac Res Arm Used RIF Installer . | . . . . . . . . . . Robots Hacked . | . . . . . . . . . . Non-combat . | . . . . . . . . . . Combat . | . . . . . . . . . . Robot Hacks Applied . | . . . . . . . . . . Relay Couplers Released . | . . . . . . . . . . Fabnet Peak Effective % . | . . . . . . . . . . Robots Rewired . | . . . . . . . . . . Allies Hacked . | . . . . . . . . . . Hacks Repelled . | . . . . . . . . . . Allies | -11 -10 -10 -7 -5 -5 -5 -4 -3 -3 -------- Run | Yrd Mat Sub Scr Fac Was Fac Fac Res Arm Total Allies 2 | . . . . . 1 . . 1 . Largest Group 1 | . . . . . 1 . . 1 . Highest-Rated Group 45 | . . . . . 31 . . 45 . Highest-Rated Ally 45 | . . . . . 31 . . 45 . Total Orders . | . . . . . . . . . . Ally Attacks 4 | . . . . . 4 . . . . Total Damage 44 | . . . . . 44 . . . . Kills . | . . . . . . . . . . Allies Corrupted . | . . . . . . . . . . Allies Melted . | . . . . . . . . . . Intel | -11 -10 -10 -7 -5 -5 -5 -4 -3 -3 ------- Run | Yrd Mat Sub Scr Fac Was Fac Fac Res Arm Active Infowar (turns) 4246 | 182 210 281 2411 522 123 . 198 212 107 Sensors 408 | . . . . . . . 91 212 105 Terrain 589 | . . . . 519 70 . . . . Seismic 3983 | 182 210 281 2411 522 123 . 198 56 . Jamming 590 | . . . . 520 70 . . . . ECM 203 | . . . . . . . 10 158 35 Robot Analysis Total . | . . . . . . . . . . Derelict Logs Recovered . | . . . . . . . . . . Drone Launches . | . . . . . . . . . . Drone Recoveries . | . . . . . . . . . . Exploration | -11 -10 -10 -7 -5 -5 -5 -4 -3 -3 ------------- Run | Yrd Mat Sub Scr Fac Was Fac Fac Res Arm Turns Passed 4661 | 351 210 281 2411 522 148 77 294 212 155 Spaces Moved 3488 | 171 91 156 1097 302 105 75 690 468 333 Core 89 | 3 . . . . . . . . 86 Treads 1774 | 168 91 156 1025 302 32 . . . . Legs . | . . . . . . . . . . Wheels 242 | . . . 72 . 73 75 22 . . Hover . | . . . . . . . . . . Flight 1383 | . . . . . . . 668 468 247 Fastest Speed 34 | 50 160 160 105 158 100 100 34 34 34 Average Speed 122 | 158 160 160 215 158 125 100 36 34 40 Slowest Speed 245 | 160 160 160 245 158 235 100 100 34 117 Overloaded Moves . | . . . . . . . . . . Propulsion Burnouts . | . . . . . . . . . . Robots Hopped 20 | . . . . . . . 7 8 5 Potential Cave-ins . | . . . . . . . . . . Cave-ins Triggered . | . . . . . . . . . . Exploration Rate (%) 28 | 9 28 19 75 8 86 3 20 13 25 Regions Visited 9 Branch Regions 3 Pre-discovered Areas 5 | . . . 5 . . . . . . Known Exits Taken 2 | . . . 1 . . 1 . . . Unknown Exits Taken 5 | 1 1 1 . . . . 1 1 . Scrap Searched 6 | . . . 6 . . . . . . Spaces Dug 2 | . . . . . . . . 2 . Terrain Destroyed 6 | . . . . . 1 . . 5 . Melee . | . . . . . . . . . . Projectile 6 | . . . . . 1 . . 5 . AOE . | . . . . . . . . . . Terrain Rammed . | . . . . . . . . . . Walls Destroyed . | . . . . . . . . . . Machines Disabled . | . . . . . . . . . . Actions | -11 -10 -10 -7 -5 -5 -5 -4 -3 -3 --------- Run | Yrd Mat Sub Scr Fac Was Fac Fac Res Arm Total 3800 | 207 153 188 1144 337 115 77 725 505 349 Wait 147 | . 59 33 6 2 3 . 24 18 2 Move 3440 | 170 90 155 1096 302 104 74 675 451 323 Hop 20 | . . . . . . . 7 8 5 Pick Up 47 | 8 . . 18 9 . 1 3 8 . Fast Attach 25 | 7 2 . . 1 . . 7 5 3 Attach 21 | . . . . 10 2 2 3 2 2 Detach 5 | . . . . 1 . . . 2 2 Swap 17 | . 1 . 12 3 . . 1 . . Drop 30 | 1 . . 12 3 2 . 5 4 3 Fire 34 | 21 . . . 3 3 . . 7 . Melee 3 | . . . . 3 . . . . . Ram 1 | . . . . . 1 . . . . Kick . | . . . . . . . . . . Crush 1 | . 1 . . . . . . . . Escape Stasis . | . . . . . . . . . . Rewire 9 | . . . . . . . . . 9 Trap . | . . . . . . . . . . Miscellaneous . | . . . . . . . . . . Route ------- -11/Scrapyard -10/Materials (discovered 2 exits: [*Min] / [*Sub]) -10/Subcaves -7/Scraptown (discovered 2 exits: *Fac x2) -5/Factory (discovered 5 exits: Fac x3 / Upp x2) -5/Waste -5/Factory -4/Factory -3/Research -3/Armory History --------- Turn | Location | Event 17 | -11/Scrapyard | Discovered new exit (range 16) 352 | -11/Scrapyard | Entered Materials 353 | -10/Materials | Build established: Mutant 353 | -10/Materials | Met a group of wandering Federalists 428 | -10/Materials | Discovered new exit (range 15) 557 | -10/Materials | Discovered new exit (range 5) 562 | -10/Materials | Entered Subcaves 563 | -10/Subcaves | Continued accompanying wandering Federalists (6) 833 | -10/Subcaves | Wandering Federalist uncovered a shortcut to Scraptown 843 | -10/Subcaves | Entered Scraptown 1267 | -7/Scraptown | Discovered new exit (range 13) 1620 | -7/Scraptown | Visited Symbiants 1654 | -7/Scraptown | Visited Awakened 1676 | -7/Scraptown | Visited Comm Corps 1850 | -7/Scraptown | Visited Fellowship of the Rings 1892 | -7/Scraptown | Visited UFD Registry 1892 | -7/Scraptown | Registered with UFD as "Thunderkit" 1967 | -7/Scraptown | Visited Cartography Club 2175 | -7/Scraptown | Learned location of Upper Caves (-4) 2175 | -7/Scraptown | Learned location of Proximity Caves (-3) 2175 | -7/Scraptown | Learned location of Hub_04(d) (-6) 2175 | -7/Scraptown | Learned location of Quarantine (-3) 2175 | -7/Scraptown | Learned 12 Factory zone layouts 2175 | -7/Scraptown | Learned 12 Research zone layouts 2175 | -7/Scraptown | Learned 16 Lower Caves zone layouts 2175 | -7/Scraptown | Learned 20 Upper Caves zone layouts 2175 | -7/Scraptown | Learned 8 Proximity Caves zone layouts 2175 | -7/Scraptown | Learned 4 Armory zone layouts 2175 | -7/Scraptown | Learned location of 1 exit from Factory 2175 | -7/Scraptown | Learned location of 3 exits from Upper Caves 2175 | -7/Scraptown | Learned location of 3 exits from Proximity Caves 2175 | -7/Scraptown | Identified exit to Factory 2246 | -7/Scraptown | Visited Sword Containment 2271 | -7/Scraptown | Visited Chapter 10 2295 | -7/Scraptown | Visited DA-N13 Charitable Foundation 2304 | -7/Scraptown | Found DCF Scrap (28 items) 2484 | -7/Scraptown | Visited Supply Room 2552 | -7/Scraptown | Visited Curators Association 2581 | -7/Scraptown | Visited A0-MCA Data Center 2615 | -7/Scraptown | Visited Abandonware Association 2669 | -7/Scraptown | Visited Scrap Suit Storage 2750 | -7/Scraptown | Given a B- rating by A0-MCA 2757 | -7/Scraptown | Found A0-MCA's Component Scanner 3110 | -7/Scraptown | Met Optimus 3110 | -7/Scraptown | Accepted into 0bPrime 3254 | -7/Scraptown | Entered Factory 3254 | -5/Factory | Evolved 10 slots: Propulsion x2, Utility x7, Weapon x1 3255 | -5/Factory | Identified exit to Factory 3255 | -5/Factory | Identified exit to Upper Caves 3552 | -5/Factory | Build established: Derelict-Mutant 3776 | -5/Factory | Sucked down chute 3776 | -5/Factory | Entered Waste 3777 | -5/Waste | Met a frightened Derelict 3791 | -5/Waste | EMP discharged 3791 | -5/Waste | Spotted C-40 Crusher 3792 | -5/Waste | Spotted C-40 Crusher 3825 | -5/Waste | Crushed by Compactor (1 part destroyed, 1 dropped) 3838 | -5/Waste | Crushed by Compactor (1 part destroyed, 1 dropped) 3843 | -5/Waste | Crushed by Compactor (0 parts destroyed, 1 dropped) 3844 | -5/Waste | Spotted C-40 Crusher 3860 | -5/Waste | Spotted C-40 Crusher 3871 | -5/Waste | Crushed by Compactor (0 parts destroyed, 1 dropped) 3874 | -5/Waste | Crushed by Compactor (1 part destroyed, 1 dropped) 3875 | -5/Waste | Spotted C-40 Crusher 3877 | -5/Waste | Crushed by Compactor (1 part destroyed, 1 dropped) 3888 | -5/Waste | Spotted C-40 Crusher 3891 | -5/Waste | EMP discharged 3891 | -5/Waste | System corruption reached 10% 3908 | -5/Waste | Lost 3 parts (1p2u) 3909 | -5/Waste | Discovered new exit (range 16) 3924 | -5/Waste | Entered Factory 3975 | -5/Factory | Discovered exit to Factory (range 10) 4001 | -5/Factory | Entered another Factory area 4001 | -4/Factory | Evolved 2 slots: Propulsion x2 4202 | -4/Factory | Build established: Mutant 4293 | -4/Factory | Discovered new exit (range 3) 4295 | -4/Factory | Entered Research 4295 | -3/Research | Evolved 2 slots: Power x1, Utility x1 4309 | -3/Research | Spotted B-86 Titan 4502 | -3/Research | Discovered new exit (range 15) 4507 | -3/Research | Entered Armory 4623 | -3/Armory | Spotted B-86 Titan 4632 | -3/Armory | Core integrity fell below 50% 4655 | -3/Armory | Core integrity fell below 20% 4656 | -3/Armory | System corruption reached 10% 4662 | -3/Armory | Destroyed by P-80 Master with Gamma Rifle Last Messages --------------- 04627_ Slug penetrates Component Storage. 04629_ UZ5UR,ILFST 5OPR7MWHXBNWBGJFTJ K62|E 04630_ Slug penetrates Wall. 04630_ P-80 Master resets X-87 Electro, system corruption cleaned. 04631_ Knocked back. 04633_ Triggered Alarm Trap. 04633_ An alarm sounds. 04633_ ALERT: Alarm triggered, dispatching investigation squad. 04634_ Penetrated by Slug. 04637_ ALERT: Potential suspicious activity detected, Programmers report to Armory Zone 2G. 04641_ Packing Station disabled. 04647_ ALERT: Suspicious intruders detected, dispatching Cutter reinforcements to area. 04648_ Adv. Signal Interpreter destroyed. 04651_ P-80 Master resets P-80 Master, system corruption cleaned. 04653_ Packing Station disabled. 04654_ Critical hit (Burn: +37). 04657_ Hacking Suite destroyed. 04661_ System corrupted: Matter fused (-10). Map ----- +----------------------------------------------------+ | ?????????????????????????????????????????????????? | | ?????????????????????????????????????????????????? | | ?????????????????????????????????????????????????? | | ?????????????????????????????????????????????????? | | ?????????????????????????????????????????????????? | | ?????????????????????????????????????????????????? | | ?????????????????????????????????????????????????? | | ?????????????????????????????????????????????????? | | ?????????????????????????????????????????????????? | | ?????????????????????????????????????????????????? | | ?????????????????????????????????????????????????? | | ?????????????????????????????????????????????????? | | ?????????????????????????????????????????????????? | | ?????????????????????????????????????????????????? | | ?????????????????????????????????????????????????? | | ?????????????????????????????????????????????????? | | ?????????????????????????????????????????????????? | | ?????????????????????????????????????????????????? | | ???????????????????????######????????????????????? | | ???????????????????????? #????????????????????? | | ???????????????????????? Y #????????????????????? | | ???????????????????????? #????????????????????? | | ???????????????????????? ?????????????????????? | | ????????????????????????# #?????????????????????? | | ????????????????????????# #?????????????????????? | | ????????????????????????#@ #?????????????????????? | | ????????????????????????# #?????????????????????? | | ????????????????????????# #??#####??????????????? | | ????????????????????????# #? ??????????????? | | ????????????????????????# #? """ ?????????????? | | ????????????????????????# # """ = ?????????????? | | ####++####??????????# e# """ #????????????? | | #?# #?#??????????# + """ #????????????? | | #?# #????????????# # """ #????????????? | | #?## ##????????????# # ?????????????? | | ######## #????????###### #? #????????????? | | ## #????????# #? #????????????? | | """## #?######## #??#######????????????? | | """## ### #?????????????????????? | | """# ## #?????????????????????? | | + ## p###########???????????? | | """# ## #???????????? | | """# ## ! +???????????? | | """## ### #???????????? | | ## #?# #???????????? | | ######## ### "" "" ###########?? | | # """ """ #?? | | """ # """" """" #?? | | # """" """" ]] ######## #?? | | """ # """" """" ]] #????### ### | +----------------------------------------------------+ Best States ------------- Heat Dissipation 46 Energy Generation 45 Energy Capacity 405 Matter Stores 300 Matter Capacity 300 Sight Range 16 Robot Scan Range 16 Terrain Scan Range 16 Terrain Scan Density 410 ECM Strength 2 Jamming Range 12 Power Amplification 20 Additional Mass Support 12 Armor Coverage 225 Utility Shielding 66 Evasion (%) 63 Recoil Reduction 4 Offensive Hacking 10 Item Schematics ----------------- None Robot Schematics ------------------ None Fabricated ------------ Nothing Repaired ---------- Nothing Alien Tech Used ----------------- None Achievements -------------- None Challenges ------------ None Game ------ Seed EtherialMyomerMatter Manual? 0 Play Time 00:25:37 Cumulative 130.6 hours Start 2025.07.04 @ 01:37:33 End 2025.07.04 @ 02:02:47 Sessions 1 Manual Loads 0 Difficulty Rogue Special Mode None Game No. 342 Rogue 342 Adventurer 0 Explorer 0 Win Type - Total 3 Types 2/0/1/0/0/0/0/0/0/0 Lore% 64 Gallery% 54 Achievement% 46 Wizard Run 0 Options --------- Layout 0 ASCII 0 Keyboard 0 Movement Numpad Keybinds 0 Fullscreen 2 Font 18/Terminus Map View 76x50 Zoom Use 0% Tactical HUD 1 Map Filters NONE Filters NONE Steam 1 RUN: cab44307-c08d-4abf-9da4-913aba9078ab